 Dungeon Crawl Stone Soup version 0.19-a0-1834-g6b7851e (console) character file.

165 brucemayne the Chopper (level 5, 0/49 HPs)
             Began as a Hill Orc Monk on Oct 8, 2016.
             Was a Believer of Makhleb.
             Succumbed to a worker ant's poison
             ... on level 4 of the Dungeon.
             The game lasted 00:04:49 (1035 turns).

brucemayne the Chopper (Hill Orc Monk)              Turns: 1035, Time: 00:04:50

Health: 0/49       AC:  6    Str: 15    XL:     5   Next: 46%
Magic:  5/5        EV: 10    Int: 15    God:    Makhleb [**....]
Gold:   48         SH:  0    Dex: 13    Spells: 0 memorised, 4 levels left

rFire  . . .     SeeInvis .     a - +0 hand axe
rCold  . . .     Gourm    .     o - +0 scale mail (curse)
rNeg   . . .     Faith    .     (no shield)
rPois  .         Spirit   .     (no helmet)
rElec  .         Dismiss  .     (no cloak)
rCorr  .         Reflect  .     (no gloves)
MR     .....     Harm     .     (no boots)
Stlth  ..........               (no amulet)
                                (no ring)
                                (no ring)

@: brilliant, lethally poisoned (0 -> -11), very slightly contaminated, hasted,
very quick
A: robust 1, slow regeneration 1, evolution 1
a: Minor Destruction, Renounce Religion


You were on level 4 of the Dungeon.
You worshipped Makhleb.
Makhleb was pleased with you.
You were hungry.

You visited 2 branches of the dungeon, and saw 5 of its levels.

You collected 48 gold pieces.

Inventory:

Hand Weapons
 a - a +0 hand axe (weapon)
Missiles
 d - 32 stones (quivered)
 q - 11 poisoned needles
Armour
 b - a +0 robe
 e - a +0 ring mail
 o - a cursed +0 scale mail (worn)
Scrolls
 n - a scroll of blinking {unknown}
 p - a scroll of fog {unknown}
Comestibles
 c - 3 bread rations
 f - a slice of pizza
 g - a meat ration
 k - 2 beef jerkies


   Skills:
 - Level 3.6 Fighting
 + Level 7.9 Axes
 - Level 2.4 Dodging
 - Level 1.5 Stealth


You had 4 spell levels left.
You didn't know any spells.

Dungeon Overview and Level Annotations

Branches:
Dungeon (4/15)             Temple (1/1) D:4

Altars:
Cheibriados
Gozag
Kikubaaqudgha
Makhleb
Nemelex Xobeh
Okawaru
Qazlal
Ru
Uskayaw
Vehumet
Zin
The Shining One

Annotations:
D:3 Jessica


Innate Abilities, Weirdness & Mutations

You are robust. (+10% HP)
You regenerate slowly when monsters are visible.
You evolve.


Message History

Makhleb accepts your kill.
You feel better.
* * * LOW HITPOINT WARNING * * *
You feel sick.
Unknown command.
There is a lethal amount of poison in your body!
Okay, then.
You feel yourself speed up.
* * * LOW HITPOINT WARNING * * *
You feel sick.
You are very lightly contaminated with residual magic.
You open the door.
* * * LOW HITPOINT WARNING * * *
You feel sick.
There is an open door here.
* * * LOW HITPOINT WARNING * * *
You feel sick.
* * * LOW HITPOINT WARNING * * *
You feel sick.
You die...

......#...#...#
......#...+...#
......#...##..#
......#...'...####
#...#.#...##.#..)#######
#...#.#..>##.+...'.....#
....'.#...####...#####.#
....####### #...# #.#
....# #..@# #.....♣
....# #...##.......♣
....# ####....≈≈≈...♣
.#### #...≈≈≈≈≈.... ##
.....≈≈♣≈≈..... .#
.....≈≈ ≈S..... .#
......≈ ≈...♣.( .#
...... .#


There were no monsters in sight!

Vanquished Creatures
  A hound (D:4)
  An orc priest (D:4)
  A centaur skeleton (D:4)
  2 worker ants (D:4)
  An adder (D:4)
  5 orcs (D:4)
  A bat (D:2)
  2 giant cockroaches (D:2)
  A goblin (D:2)
  A hobgoblin (D:2)
  A jackal (D:4)
  A ball python (D:2)
  A frilled lizard (D:4)
  2 kobolds (D:2)
  A rat (D:2)
22 creatures vanquished.

Notes
Turn   | Place    | Note
-------+----------+-------------------------------------------
     0 | D:1      | brucemayne the Hill Orc Monk began the quest for the Orb.
     0 | D:1      | Reached XP level 1. HP: 19/19 MP: 1/1
   332 | D:2      | Reached XP level 2. HP: 26/26 MP: 2/2
   378 | D:3      | Noticed Jessica
   467 | D:4      | Reached skill level 5 in Axes
   467 | D:4      | Reached XP level 3. HP: 17/31 MP: 3/3
   569 | D:4      | Reached skill level 6 in Axes
   569 | D:4      | Reached XP level 4. HP: 5/39 MP: 4/4
   778 | D:4      | Reached skill level 7 in Axes
   912 | D:4      | Found a staircase to the Ecumenical Temple.
   921 | Temple   | Entered the Ecumenical Temple
   945 | Temple   | Became a worshipper of Makhleb the Destroyer
   945 | Temple   | Reached * piety under Makhleb
   945 | Temple   | Reached ** piety under Makhleb
   978 | D:4      | Reached XP level 5. HP: 24/45 MP: 5/5
  1012 | D:4      | Gained mutation: You regenerate slowly when monsters are visible. [potion of mutation]
  1012 | D:4      | Gained mutation: You evolve. [potion of mutation]
  1012 | D:4      | Gained mutation: You are robust. (+10% HP) [potion of mutation]
  1012 | D:4      | HP: 2/49 [poisoned by a worker ant]
  1033 | D:4      | HP: 2/49 [poisoned by a worker ant]
  1035 | D:4      | Succumbed to a worker ant's poison

Vault maps used:
D:1:      dpeg_arrival_simpleton_a, cheibriados_altar_1
D:2:      dk_vineyard_1, minmay_pentomino_s2
D:3:      minmay_snake_closets, uniq_sigmund, uniq_jessica
D:4:      elyvilon_altar_3, trog_eyes_of_draining, first_bread, serial_curves,
          eino_curves_03, eino_curves_03, kennysheep_windowed_goal
Temple:   eino_wide_crystal_templ

Skill      XL: |  1  2  3  4 |
---------------+-------------+-----
Axes           | 5 6 7 |  7.9
Fighting       | |  3.6
Dodging        | |  2.4
Stealth        | |  1.5

Action                   |  1- 3 |  4- 6 || total
-------------------------+-------+-------++-------
Melee: Hand axe          |    62 |    64 ||   126
  Use: Potion            |     1 |     5 ||     6
       Scroll            |       |     3 ||     3
Armor: Ring mail         |    21 |       ||    21
       Scale mail        |    14 |    23 ||    37
Dodge: Dodged            |    27 |    37 ||    64
